 Dungeon Crawl Stone Soup version 0.27.1-35-g4d5d836560 (webtiles) character file.

Game seed: 12979468261513470802

8022 Delamore the Slicer (level 11, -5/74 HPs)
             Began as an Octopode Brigand on May 1, 2022.
             Was an Initiate of Gozag.
             Slain by a yak (12 damage)
             ... on level 8 of the Dungeon.
             The game lasted 00:25:44 (16386 turns).

Delamore the Slicer (Octopode Brigand)             Turns: 16386, Time: 00:25:45

Health: -5/74      AC:  1    Str: 10    XL:     11   Next: 24%
Magic:  11/11      EV: 19    Int: 17    God:    Gozag
Gold:   538        SH:  5    Dex: 17    Spells: 10/10 levels left

rFire    . . .     SeeInvis +   i - +4 short sword of Conversion {speed, rElec Will+ Int+3 SInv}
rCold    . . .     Faith    .   y - +0 buckler
rNeg     . . .     Spirit   .   (helmet restricted)
rPois    .         Reflect  .   (no amulet)
rElec    +         Harm     .   j - +4 ring of evasion
rCorr    .         Rampage  .   (no ring)
Will     +....                  (no ring)
Stlth    +++++.....             (no ring)
HPRegen  0.22/turn              (no ring)
MPRegen  0.12/turn              (no ring)
                                (no ring)
                                (no ring)

@: about to teleport, hasted, very quick
A: almost no armour, amphibious, 8 rings, camouflage 1, gelatinous body 1,
(nimble swimmer 1), tentacles
a: Renounce Religion, Potion Petition, Call Merchant, Bribe Branch


You were on level 8 of the Dungeon.
You worshipped Gozag.
Gozag was pleased with you.
You visited 2 branches of the dungeon, and saw 10 of its levels.

You collected 2811 gold pieces.
You spent 1485 gold pieces at shops.
You paid 788 gold pieces to Gozag.

Inventory:

Hand Weapons
 i - the +4 short sword of Conversion (weapon) {speed, rElec Will+ Int+3 SInv}
   (You bought it in a shop on level 8 of the Dungeon)

   Attacks with this weapon are significantly faster.
   Int:       It affects your intelligence (+3).
   rElec:     It insulates you from electricity.
   SInv:      It lets you see invisible.
   Will:      It increases your willpower.
 A - the +5 scythe "Finisher" {speed, eviscerate}
   (You took it off a centaur on level 6 of the Dungeon)

   Attacks with this weapon are significantly faster.
   It may eviscerate those it strikes, slaying them instantly, with a decreasing
   chance against stronger foes.
 J - the +8 demon trident "Rift" {distort, reach+}
   (You bought it in a shop on level 7 of the Dungeon)

   It warps and distorts space around it, and may blink, banish, or inflict
   extra damage upon those it strikes.
   Unwielding it can cause banishment or high damage.
   It can reach especially far, and its reaching attacks ignore other creatures
   in the way.
Missiles
 f - 412 stones (quivered)
 h - 5 silver javelins
 D - 3 poisoned darts
 F - 3 javelins
Armour
 u - a +0 kite shield
 x - a +1 kite shield of resistance
 y - a +0 buckler (worn)
Jewellery
 j - a +4 ring of evasion (left tentacle)
Wands
 p - a wand of polymorph (7)
 r - a wand of iceblast (5)
 B - a wand of acid (1)
Scrolls
 c - a scroll of brand weapon {unknown}
 e - 3 scrolls of enchant armour
 g - a scroll of enchant weapon
 l - 2 scrolls of magic mapping
 q - 3 scrolls of teleportation
 v - a scroll of immolation {unknown}
 w - 3 scrolls of noise
 C - 2 scrolls of amnesia
 E - a scroll of torment {unknown}
 G - a scroll of vulnerability {unknown}
 K - a scroll of fear
Potions
 b - 3 potions of lignification
 d - 4 potions of flight
 k - a potion of cancellation
 m - a potion of degeneration {unknown}
 o - a potion of might
 s - a potion of resistance {unknown}
 t - a potion of attraction {unknown}
 z - a potion of ambrosia {unknown}
 H - a potion of magic {unknown}


   Skills:
 + Level 6.5 Fighting
 * Level 11.2 Short Blades
 - Level 3.5 Polearms
 - Level 6.2 Throwing
 - Level 5.0 Dodging
 + Level 7.8 Stealth
 - Level 4.0 Shields
 - Level 5.0 Evocations


You had 10 spell levels left.
You didn't know any spells.
Your spell library contained the following spells:

 Spells                   Type           Power      Damage    Failure   Level
 Apportation              Tloc           0%         N/A       24%         1
 Freeze                   Ice            0%         1d3       24%         1
 Summon Small Mammal      Summ           0%         N/A       24%         1
 Call Canine Familiar     Summ           0%         N/A       56%         3
 Frozen Ramparts          Ice            0%         1d2       56%         3
 Gell's Gravitas          Tloc           0%         N/A       56%         3
 Inner Flame              Hex/Fire       0%         N/A       56%         3
 Lesser Beckoning         Tloc           0%         N/A       56%         3
 Summon Guardian Golem    Hex/Summ       0%         N/A       56%         3
 Teleport Other           Tloc           0%         N/A       56%         3
 Cause Fear               Hex            0%         N/A       93%         4
 Hailstorm                Conj/Ice       0%         3d3       93%         4
 Alistair's Intoxication  Tmut/Pois      0%         N/A       100%        5
 Invisibility             Hex            0%         N/A       100%        6
 Discord                  Hex            0%         N/A       100%        8


Dungeon Overview and Level Annotations

Branches:
Dungeon (9/15)             Temple (0/1) D:6            Lair (1/6) D:8
    Orc: D:9-12

Altars:
Elyvilon
Gozag
Kikubaaqudgha
Trog

Shops:
D:5 *   D:6 *   D:7 (   D:8 *


Innate Abilities, Weirdness & Mutations

You cannot wear most types of armour.
You are amphibious.
You can wear up to eight rings at the same time.
Your skin changes colour to match your surroundings (Stealth+).
Your rubbery body absorbs attacks. (AC +1, EV +1)
((You are camouflaged near water. (Stealth+)))
You have tentacles for arms and can constrict up to eight enemies at once.


Message History

You block the yak's attack.
Throw: 2 darts (atropa)
Press: ? - help, Q - select action, (/) - cycle Shift-Dir - straight line, f/p - yak
Aim: a yak (76% to hit, chance to blind on hit: 59%)
You throw an atropa-tipped dart.
The atropa-tipped dart closely misses the yak.
The komodo dragon closely misses you. The yak gores you!
Throw: dart (atropa)
Press: ? - help, Q - select action, (/) - cycle Shift-Dir - straight line, f/p - yak
Aim: a yak (76% to hit, chance to blind on hit: 62%)
You throw an atropa-tipped dart.
The atropa-tipped dart barely misses the yak.
The komodo dragon misses you.
As you read the scroll of teleportation, it crumbles to dust.
You feel strangely unstable. The yak barely misses you.
The komodo dragon misses you.
You hit the komodo dragon but do no damage.
You squeeze the komodo dragon.
The komodo dragon is lightly wounded.
The yak gores you!
You barely miss the komodo dragon.
The komodo dragon is lightly wounded.
You puncture the komodo dragon!
The komodo dragon is moderately wounded.
The komodo dragon closely misses you.
You hit the komodo dragon but do no damage.
The komodo dragon is moderately wounded.
The yak barely misses you.
You hit the komodo dragon.
The komodo dragon is moderately wounded.
The komodo dragon bites you!!
* * * LOW HITPOINT WARNING * * *
Okay, then. [a] - 280 gold - haste [b] - 184 gold - might and brilliance [c] - 220 gold - haste Purchase which effect?
You feel yourself speed up. The yak gores you!
You die...
Your body crumbles into a pile of gold.

..#...#
#.....).######
##....#.#
..#...###..[..))#
#..#...#
#.......#.......#
######..#####
#.......#########
#.......####
........#
#..........#
........#
#......#.###
........#
######......#.####
).......#
#lY.........#..##.
.)#######
#@############'##.
).[<# ### #.......
.#### #....... .#
#....... .#
#....... .#
########....... .#
#.............. .#
#.######....... ##
#.# #≈####..#.


You could see a komodo dragon and a yak.

Vanquished Creatures
  A wolf spider (D:9)
  A manticore (D:9)
  Maggie (D:7)
  An efreet (D:9)
  2 hornets
  A wyvern (D:8)
  A redback (D:9)
  A shadow (D:6)
  4 yaks
  Eustachio (D:4)
  A steam dragon (D:7)
  2 water moccasins
  2 ice beasts (D:6)
  3 sky beasts
  2 orc warriors (D:9)
  6 ogres
  8 centaurs
  3 kobold brigands
  A gnoll sergeant (D:8)
  7 bullfrogs
  A wyvern zombie (D:7)
  A scorpion (D:6)
  A water moccasin zombie (D:6)
  6 killer bees (D:7)
  5 wights (D:8)
  A howler monkey (D:6)
  A centaur zombie (D:6)
  A bullfrog skeleton (D:6)
  7 hounds (D:6)
  4 jellies
  9 orc priests
  3 gnoll shamans
  Crazy Yiuf (D:7)
  Jessica (D:3)
  2 iguanas
  8 orc wizards
  Terence (D:3)
  2 howler monkey zombies
  18 gnolls
  12 adders
  2 shadow imps
  3 white imps
  2 ufetubi
  An adder skeleton (D:4)
  3 worms
  2 dart slugs
  30 orcs
  5 bats
  8 endoplasms
  7 giant cockroaches
  4 goblins
  11 hobgoblins
  3 jackals (D:2)
  15 kobolds
  4 quokkas (D:2)
  11 ball pythons
  3 frilled lizards
  6 rats
254 creatures vanquished.

Vanquished Creatures (collateral kills)
  A water moccasin (D:5)
1 creature vanquished.

Vanquished Creatures (others)
  A fungus (Lair:1)
  37 plants
38 creatures vanquished.

Grand Total: 293 creatures vanquished

Notes
Turn   | Place    | Note
-------+----------+-------------------------------------------
     0 | D:1      | Delamore the Octopode Brigand began the quest for the Orb.
     0 | D:1      | Reached XP level 1. HP: 14/14 MP: 1/1
   157 | D:1      | Reached XP level 2. HP: 19/19 MP: 2/2
   773 | D:1      | Reached skill level 3 in Short Blades
   773 | D:1      | Reached XP level 3. HP: 20/24 MP: 3/3
  1545 | D:2      | Reached XP level 4. HP: 27/29 MP: 4/4
  2191 | D:3      | Reached skill level 4 in Short Blades
  2560 | D:3      | Reached XP level 5. HP: 24/34 MP: 5/5
  2731 | D:3      | Noticed Jessica
  2734 | D:3      | Killed Jessica
  2946 | D:3      | Found an ancient bone altar of Kikubaaqudgha.
  2948 | D:3      | Found an opulent altar of Gozag.
  2958 | D:3      | Became a worshipper of Gozag Ym Sagoz the Greedy
  3269 | D:3      | Noticed Terence
  3278 | D:3      | Killed Terence
  3279 | D:3      | Reached skill level 5 in Short Blades
  3279 | D:3      | Reached XP level 6. HP: 31/39 MP: 6/6
  4175 | D:4      | Noticed Eustachio
  4182 | D:4      | Killed Eustachio
  4183 | D:4      | Reached skill level 6 in Short Blades
  4802 | D:4      | Reached XP level 7. HP: 45/45 MP: 7/7
  5082 | D:5      | Entered Level 5 of the Dungeon
  5082 | D:5      | Found Yrein's General Store.
  5147 | D:5      | Noticed a hornet
  5189 | D:5      | Killed a hornet
  5190 | D:5      | Reached skill level 7 in Short Blades
  5190 | D:5      | Reached skill level 5 in Throwing
  5722 | D:5      | Reached XP level 8. HP: 50/50 MP: 8/8
  5789 | D:5      | Found a bloodstained altar of Trog.
  6004 | D:6      | Noticed a shadow
  6010 | D:6      | Killed a shadow
  6018 | D:6      | Reached skill level 8 in Short Blades
  6090 | D:6      | Found a white marble altar of Elyvilon.
  6837 | D:6      | Reached skill level 9 in Short Blades
  6897 | D:6      | Reached XP level 9. HP: 23/54 MP: 9/9
  7267 | D:6      | Reached skill level 10 in Short Blades
  7313 | D:6      | Reached skill level 1 in Evocations
  7348 | D:6      | Found Saabaluq's Assorted Antiques.
  7419 | D:6      | Found a staircase to the Ecumenical Temple.
  7571 | D:6      | Bought a scroll of identify for 50 gold pieces
  7571 | D:6      | Identified a scroll of acquirement
  7607 | D:6      | Acquired a +1 kite shield of resistance
  7735 | D:6      | Reached skill level 1 in Shields
  9453 | D:7      | Acquired 705 gold pieces
  9532 | D:7      | Found a runed translucent door.
  9533 | D:7      | Noticed Crazy Yiuf
  9608 | D:7      | Reached XP level 10. HP: 46/63 MP: 10/10
 10579 | D:7      | Reached skill level 5 in Fighting
 11050 | D:7      | Noticed Maggie
 11071 | D:7      | Killed Maggie
 11072 | D:7      | Reached skill level 5 in Dodging
 11072 | D:7      | Reached skill level 5 in Evocations
 11820 | D:7      | Killed Crazy Yiuf
 12178 | D:7      | Bought the +8 demon trident "Rift" {distort, reach+} for
                  | 1183 gold pieces
 12178 | D:7      | Found the +8 demon trident "Rift" {distort, reach+}
 12259 | D:8      | Reached skill level 1 in Polearms
 12272 | D:7      | Paralysed by a hornet for 2 turns
 13176 | D:8      | Found Utopn's Assorted Antiques.
 13272 | D:8      | Bought a masterwork short sword for 168 gold pieces
 13272 | D:8      | Identified the +4 short sword of Conversion {speed, rElec
                  | Will+ Int+3 SInv} (You bought it in a shop on level 8 of
                  | the Dungeon)
 13272 | D:8      | Bought a scroll of identify for 42 gold pieces
 13272 | D:8      | Bought a scroll of identify for 42 gold pieces
 13896 | D:8      | Found a staircase to the Lair.
 14840 | D:9      | Noticed a wolf spider
 14840 | D:9      | Noticed a manticore
 14847 | D:9      | Killed a wolf spider
 14848 | D:9      | Reached XP level 11. HP: 40/72 MP: 11/11
 14850 | D:9      | Killed a manticore
 15146 | D:9      | Reached skill level 11 in Short Blades
 16007 | Lair:1   | Entered Level 1 of the Lair of Beasts
 16386 | D:8      | Slain by a yak

Illustrated notes

Levels and vault maps discovered:
D:1:      lightli_arrival_quake, layout_basic, serial_corexii_hall,
          corexii_hall_statues_x, corexii_hall_statues_s
D:2:      layout_rooms, minmay_quantized
D:3:      minmay_inner_zag, layout_loops_ring,
          chequers_temple_overflow_statue_of_worship,
          minmay_misc_feat_secret_circle, uniq_jessica, uniq_terence
D:4:      layout_basic, minmay_misc_feat_cross, kennysheep_flooded_box,
          hex_large, uniq_eustachio
D:5:      layout_rooms, mainiacjoe_overflow_brackets, serial_shops, shop,
          minmay_misc_feat_roman
D:6:      kennysheep_housing_project, layout_cave_pools,
          mainiacjoe_overflow_concentric_impassable,
          minmay_temple_entry_glassed_door, serial_shops,
          nicolae_shop_behind_doors, minmay_bent
D:7:      layout_loops_corners, abandoned_shop, minmay_increasing_density,
          uniq_maggie, uniq_crazy_yiuf_cottage
D:8:      layout_basic, lair_entry_dummy, serial_rivers,
          chequers_serial_rivers_micro_e, chequers_serial_rivers_micro_b,
          chequers_serial_rivers_small_b, chequers_serial_rivers_small_b,
          serial_shops, nicolae_shop_waterfront, minivault_19
D:9:      layout_long_grid, minivault_25_ag
Lair:1:   layout_chaotic_city, beast_lair_carwin_1, infiniplex_staircase_pool_2

Skill      XL: |  1  2  3  4  5  6  7  8  9 10 11 |
---------------+----------------------------------+-----
Short Blades   | 3 4 5 6 7 9 10 11 | 11.2
Throwing       | 3 4 5 6 |  6.2
Evocations     | 3 5 |  5.0
Dodging        | 3 5 |  5.0
Shields        | 4 |  4.0
Fighting       | 4 5 6 |  6.5
Polearms       | 3 |  3.5
Stealth        | 6 7 |  7.8

Action                   |  1- 3 |  4- 6 |  7- 9 | 10-12 || total
-------------------------+-------+-------+-------+-------++-------
Melee: Dagger            |    64 |   128 |   344 |   174 ||   710
       Constrict         |    11 |    27 |    47 |    41 ||   126
       Tentacles         |     9 |    33 |    83 |    94 ||   219
       Short sword       |       |       |       |   186 ||   186
Throw: Stone             |    19 |    28 |   112 |    23 ||   182
       Dart              |       |    15 |    40 |    19 ||    74
       Javelin           |       |       |    14 |    15 ||    29
Invok: Call Merchant     |       |       |     1 |       ||     1
       Potion Petition   |       |       |       |     1 ||     1
Evoke: Wand              |       |       |     2 |    11 ||    13
  Use: Scroll            |     3 |     2 |     8 |     5 ||    18
       Potion            |       |       |       |     3 ||     3
 Stab: Sleeping          |    12 |    12 |     9 |     5 ||    38
       Distracted        |       |     1 |     2 |     2 ||     5
Armor: Skin              |     6 |     9 |    39 |    17 ||    71
Dodge: Dodged            |    24 |    68 |   179 |   159 ||   430
Block: Buckler           |       |       |    31 |    39 ||    70
